 Dungeon Crawl Stone Soup version 0.24.0-13-gcf9b319 (webtiles) character file.

Game seed: 3541602710070267068, levelgen mode: deterministic

6439 Fang the Fighter (level 10, -15/99 HPs)
             Began as a Gargoyle Berserker on Dec 6, 2019.
             Was a High Priest of Trog.
             Demolished by a white ugly thing (24 damage)
             ... on level 10 of the Dungeon.
             The game lasted 00:11:05 (8944 turns).

Fang the Fighter (Gargoyle Berserker)               Turns: 8944, Time: 00:11:05

Health: -15/99     AC: 24    Str: 29    XL:     10   Next: 99%
Magic:  10/10      EV:  6    Int:  8    God:    Trog [*****.]
Gold:   602        SH: 15    Dex:  9    Spells: 9/9 levels left

rFire    . . .     SeeInvis .   i - +1 war axe (freeze)
rCold    . . .     Gourm    .   B - +0 large shield
rNeg     + . .     Faith    .   b - +0 plate armour
rPois    ∞         Spirit   .   x - +2 helmet
rElec    +         Reflect  .   (no cloak)
rCorr    .         Harm     .   (no gloves)
MR       +++..                  (no boots)
Stlth    ..........             (no amulet)
HPRegen  1.26/turn              q - ring of protection from magic
MPRegen  0.12/turn              (no ring)

@: berserking, regenerating, very quick
A: negative energy resistance 1, electricity resistance, unbreathing,
petrification resistance, rot immunity, AC +7
a: Berserk, Trog's Hand, Brothers in Arms, Renounce Religion


You were on level 10 of the Dungeon.
You worshipped Trog.
Trog was extremely pleased with you.
You were near starving.

You visited 2 branches of the dungeon, and saw 11 of its levels.

You collected 602 gold pieces.

Inventory:

Hand Weapons
 a - a +3 war axe
 i - a +1 war axe of freezing (weapon)
Armour
 b - a +0 plate armour (worn)
 x - a +2 helmet (worn)
 B - a +0 large shield (worn)
Jewellery
 q - a ring of protection from magic (left hand)
Wands
 t - a wand of paralysis (3)
 v - a wand of random effects (21)
Scrolls
 h - 4 scrolls of teleportation
 w - 3 scrolls of remove curse
Potions
 d - a potion of heal wounds {unknown}
 e - a potion of ambrosia
 f - 2 potions of mutation
 j - 2 potions of might
 k - a potion of invisibility {unknown}
 l - 3 potions of flight
 n - 6 potions of curing {unknown}
 o - a potion of cancellation {unknown}
Comestibles
 c - 16 rations
 g - 11 chunks of flesh


   Skills:
 + Level 9.3 Fighting
 + Level 7.8 Axes
 + Level 9.0 Armour
 + Level 6.8 Dodging
 + Level 3.6 Shields


You had 9 spell levels left.
You didn't know any spells.
Your spell library was empty.

Dungeon Overview and Level Annotations

Branches:
Dungeon (10/15)            Temple (1/1) D:7            Lair (0/6) D:9
    Orc (0/2) D:9

Altars:
Cheibriados
Elyvilon
Fedhas
Hepliaklqana
Makhleb
Nemelex Xobeh
Sif Muna
Trog
Uskayaw
Wu Jian
Xom
Zin


Innate Abilities, Weirdness & Mutations

You are resistant to torment.
Your stone body is resilient. (AC +7)
You are immune to poison.
You resist negative energy. (rN+)
You are resistant to electric shocks. (rElec)
You can survive without breathing.
You are immune to petrification.
You are immune to rotting.


Message History

You are too injured to fight recklessly!
You are too injured to fight recklessly!
You are too injured to fight recklessly!
You are too injured to fight recklessly!
You are too injured to fight recklessly!
You are too injured to fight recklessly!
You are too injured to fight recklessly!
Okay, then.
Unknown command.
Your skin crawls.
You feel resistant to hostile enchantments.
You are feeling hungry.
You block the white ugly thing's attack.
A red film seems to cover your vision as you go berserk!
You feel yourself moving faster!
You feel mighty!
You are near starving!
The white ugly thing claws you.
* * * LOW HITPOINT WARNING * * *
The white ugly thing freezes you!!
You die...

.........# #....#
..######## #....# ..#
#....# (.## #####....#
...# #...'....# ...#
#.###....# ...#
#######'###....# ...#
#.####........##.....
...#
#..u@'........##...(.
...#
#....###........##.....
...# ####
#........##..... ...#
###########..... #.....
#.....


You could see a white ugly thing.

Vanquished Creatures
  A two-headed ogre (D:9)
  Pikel (D:8)
  Psyche (D:8)
  A troll (D:6)
  2 hippogriffs
  A wraith (D:10)
  4 yaks (D:9)
  A steam dragon (D:9)
  Menkaure (D:4)
  A hungry ghost (D:8)
  An orc warrior (D:9)
  A slave (D:8)
  A phantom (D:8)
  An ice beast (D:9)
  4 ogres
  2 necrophages (D:8)
  2 centaurs (D:7)
  A big kobold (D:10)
  3 bullfrogs
  A scorpion (D:4)
  4 killer bees (D:9)
  2 jellies (D:5)
  6 wights
  2 howler monkeys
  4 crimson imps
  2 hounds (D:4)
  A centaur zombie (D:6)
  2 bullfrog zombies
  3 iron imps (D:8)
  14 orc wizards
  6 orc priests
  A bullfrog skeleton (D:9)
  An iguana (D:5)
  Ijyb (D:4)
  7 worker ants
  Robin (D:2)
  A worker ant zombie (D:4)
  5 gnolls
  13 adders
  2 shadow imps
  3 oozes
  2 adder skeletons
  2 dart slugs
  5 leopard geckos
  38 orcs
  A ball python (D:1)
  6 bats
  7 giant cockroaches
  16 goblins
  8 hobgoblins
  11 jackals
  6 quokkas
  4 frilled lizards
  8 kobolds
  A leopard gecko skeleton (D:4)
  A leopard gecko zombie (D:7)
  A quokka skeleton (D:4)
  9 rats
238 creatures vanquished.

Vanquished Creatures (others)
  A gnoll (D:8)
1 creature vanquished.

Grand Total: 239 creatures vanquished

Notes
Turn   | Place    | Note
-------+----------+-------------------------------------------
     0 | D:1      | Fang the Gargoyle Berserker began the quest for the Orb.
     0 | D:1      | Reached XP level 1. HP: 14/14 MP: 1/1
    93 | D:1      | Reached XP level 2. HP: 11/19 MP: 2/2
   645 | D:1      | Reached XP level 3. HP: 14/23 MP: 3/3
  1290 | D:2      | Reached ** piety under Trog
  1419 | D:2      | Noticed Robin
  1438 | D:2      | Reached XP level 4. HP: 26/29 MP: 4/4
  1445 | D:2      | Killed Robin
  2122 | D:3      | Reached XP level 5. HP: 18/33 MP: 5/5
  2368 | D:3      | Reached *** piety under Trog
  2895 | D:4      | Reached XP level 6. HP: 36/39 MP: 6/6
  2961 | D:4      | Noticed Menkaure
  2969 | D:4      | Killed Menkaure
  3044 | D:4      | Found a glowing silver altar of Zin.
  3126 | D:4      | Reached skill level 5 in Fighting
  3126 | D:4      | Reached XP level 7. HP: 42/44 MP: 7/7
  3328 | D:4      | Noticed Ijyb
  3328 | D:4      | Paralysed by Ijyb for 4 turns
  3334 | D:4      | Paralysed by Ijyb for 2 turns
  3340 | D:4      | Killed Ijyb
  4287 | D:5      | Entered Level 5 of the Dungeon
  4411 | D:5      | Reached skill level 5 in Armour
  4625 | D:5      | Reached **** piety under Trog
  5246 | D:6      | Reached XP level 8. HP: 47/51 MP: 8/8
  5294 | D:6      | Reached skill level 5 in Axes
  5295 | D:6      | Noticed a troll
  5307 | D:6      | Killed a troll
  5686 | D:6      | Found a hide-covered altar of Uskayaw.
  6178 | D:7      | Reached XP level 9. HP: 47/56 MP: 9/9
  6380 | D:7      | Reached skill level 5 in Dodging
  6776 | D:7      | Found a staircase to the Ecumenical Temple.
  6863 | Temple   | Entered the Ecumenical Temple
  6904 | D:7      | Found a sparkling altar of Nemelex Xobeh.
  6999 | D:8      | Paralysed by fainting for 10 turns
  7089 | D:8      | Noticed Pikel
  7102 | D:8      | Killed Pikel
  7229 | D:8      | Found a burning altar of Makhleb.
  7235 | D:8      | Reached XP level 10. HP: 64/64 MP: 10/10
  7443 | D:8      | Noticed Psyche
  7455 | D:8      | Killed Psyche
  7455 | D:8      | Reached ***** piety under Trog
  7590 | D:9      | Found a blossoming altar of Fedhas.
  7701 | D:9      | Reached skill level 1 in Shields
  7784 | D:9      | HP: 3/65 [orc priest/divine providence (15)]
  8291 | D:9      | Found a staircase to the Orcish Mines.
  8305 | D:9      | Noticed a two-headed ogre
  8313 | D:9      | Killed a two-headed ogre
  8313 | D:9      | Received a gift from Trog
  8399 | D:9      | Found a staircase to the Lair.
  8611 | D:10     | Entered Level 10 of the Dungeon
  8937 | D:10     | Noticed a white ugly thing
  8944 | D:10     | Demolished by a white ugly thing

Levels and vault maps discovered:
D:1:      scummos_arrival_simple_crosswalls, layout_rooms
D:2:      layout_basic, serial_co_window_serial, co_window_of_opportunity_a,
          co_window_corner_a, co_window_paths_b, co_window_paths_b,
          co_window_corner_a, co_window_paths_b, co_window_cross_2,
          co_window_cross_2, co_window_unsneaky_path_d,
          co_window_of_opportunity_c, co_window_4corner_a, glass_columns_b,
          uniq_robin
D:3:      layout_loops_ring
D:4:      layout_layer_cave, old_standard_altar, first_ration,
          minmay_misc_feat_nine_boxes, uniq_ijyb, uniq_menkaure
D:5:      layout_gridville
D:6:      layout_rooms, eat_drink_and_be_merry_uskayaw
D:7:      layout_basic, minmay_temple_entry_poolview,
          nemelex_diamond_rough_becter
D:8:      layout_rooms, demons_altar, uniq_pikel, uniq_psyche
D:9:      layout_roguey, old_standard_altar, lair_entry_dummy, orc_0_dummy
D:10:     layout_basic, basic_altar, small_statue_alley_a
Temple:   eino_narrow_crystal_temple

Skill      XL: |  1  2  3  4  5  6  7  8  9 10 |
---------------+-------------------------------+-----
Axes           | 3 4 5 6 7 |  7.8
Dodging        | 2 3 4 5 6 |  6.8
Armour         | 3 4 5 6 7 9 |  9.0
Fighting       | 4 5 6 8 9 |  9.3
Shields        | 3 |  3.6

Action                   |  1- 3 |  4- 6 |  7- 9 | 10-12 || total
-------------------------+-------+-------+-------+-------++-------
Melee: Hand axe          |   145 |   152 |    93 |       ||   390
       War axe           |       |       |   277 |   322 ||   599
Invok: Berserk           |     1 |     3 |     5 |     4 ||    13
       Trog's Hand       |       |     1 |       |     2 ||     3
  Use: Scroll            |       |       |    13 |     4 ||    17
 Stab: Sleeping          |       |     1 |       |       ||     1
  Eat: Chunk             |     2 |     8 |    18 |     9 ||    37
       Ration            |       |       |     2 |       ||     2
Armor: Animal skin       |    37 |    39 |       |       ||    76
       Plate armour      |       |    36 |   329 |   242 ||   607
Dodge: Dodged            |   110 |    98 |   181 |    63 ||   452
Block: Large shield      |       |       |       |   217 ||   217
